 Dungeon Crawl Stone Soup version 0.31-a0-229-g1fc7ce93e2 (webtiles) character file.

Game seed: 8471171099648109364

190 7w4c the Chopper (level 5, -2/42 HPs)
             Began as a Demonspawn Berserker on July 6, 2023.
             Was a Believer of Trog.
             Slain by an orc
             ... wielding a +0 falchion
              (3 damage)
             ... on level 4 of the Dungeon.
             The game lasted 00:08:31 (3197 turns).

7w4c the Chopper (Demonspawn Berserker)             Turns: 3197, Time: 00:08:34

Health: -2/42      AC:  8    Str: 19    XL:     5   Next: 41%
Magic:  5/5        EV: 10    Int:  8    God:    Trog [**....]
Gold:   145        SH:  0    Dex: 13    Spells: 4/4 levels left

rFire   . . .        a - +0 hand axe
rCold   . . .        (no shield)
rNeg    . . .        n - +0 scale mail
rPois   .            (no helmet)
rElec   .            (no cloak)
rCorr   .            q - +0 pair of gloves
SInv    +            (no boots)
Will    .....        (no amulet) Stlth
                     g - ring of flight
HPRegen 0.27/turn    h - ring of see invisible
MPRegen 0.09/turn

%: no passive effects
@: lethally poisoned (-2 -> -27), flying
A: powered by death 1, sharp scales 1
a: Renounce Religion, Berserk, Trog's Hand


You were on level 4 of the Dungeon.
You worshipped Trog.
Trog was pleased with you.
You visited 1 branch of the dungeon, and saw 4 of its levels.

You collected 145 gold pieces.

Inventory:

Hand Weapons
 a - a +0 hand axe (weapon)
Missiles
 e - a throwing net
Armour
 n - a +0 scale mail (worn)
 q - a +0 pair of gloves (worn)
Jewellery
 c - a ring of protection from cold
 g - a ring of flight (left hand)
 h - a ring of see invisible (right hand)
 l - a ring of protection from fire
 o - a ring of positive energy
Wands
 p - a wand of flame (15)
Scrolls
 f - 2 scrolls of teleportation {unknown}
 i - a scroll of identify {unknown}
 j - a scroll of vulnerability {unknown}
 k - a scroll of poison {unknown}
Potions
 b - a potion of attraction {unknown}
 d - 2 potions of curing {unknown}
 m - 2 potions of heal wounds {unknown}


   Skills:
 + Level 4.0 Fighting
 + Level 4.2 Axes
 + Level 2.4 Armour
 + Level 2.4 Dodging
 + Level 0.6 Stealth


You had 4 spell levels left.
You didn't know any spells.
Your spell library contained the following spells:

 Spells                   Type           Power      Damage    Failure   Level
 Vhi's Electric Charge    Tloc/Air       0%         N/A       98%         3
 Arcjolt                  Conj/Air       0%         1d10      100%        5
 Maxwell's Capacitive Co  Air            0%         ∞         100%        8


Dungeon Overview and Level Annotations

Branches:
Dungeon (4/15)
 Temple: D:4-7

Altars:


Innate Abilities, Weirdness & Mutations

You regenerate a little health from kills.
You are partially covered in razor-sharp scales. (AC +1, Slay +1)


Message History

The orc wizard is heavily wounded.
The orc wizard hits you but does no damage.
You hit the orc wizard.
The orc wizard is severely wounded.
The orc wizard hits you but does no damage.
You hit the orc wizard.
You kill the orc wizard!
Trog accepts your kill.
Trog appreciates your killing of a magic user.
The orc hits you with a +0 falchion.
You hit the orc but do no damage. The orc hits you with a +0 falchion.
The orc hits you from afar with a +2 trident of venom.
You are poisoned.
You barely miss the orc.
You feel very sick. The orc hits you but does no damage.
You are more poisoned.
The orc barely misses you.
You barely miss the orc.
You feel very sick. The orc hits you with a +0 falchion.
The orc barely misses you.
You barely miss the orc.
You feel very sick. The orc closely misses you.
The orc hits you with a +0 falchion.
You hit the orc but do no damage.
You feel sick.
The orc hits you from afar with a +2 trident of venom.
The orc hits you but does no damage.
You hit the orc but do no damage.
You feel sick.
The orc hits you from afar with a +2 trident of venom.
* * * LOW HITPOINT WARNING * * *
You are lethally poisoned!
The orc hits you but does no damage.
You barely miss the orc.
* * * LOW HITPOINT WARNING * * *
You feel very sick.
The orc hits you from afar with a +2 trident of venom.
* * * LOW HITPOINT WARNING * * *
You are more poisoned.
The orc hits you with a +0 falchion.
You die...

............>........
###.########.#######.######
##..# #.## #...... ....#
#..#######..# ###.#
##..........# .....
##########.### .....
#.....# .....
..#########.....# ...
.....oo@........# #
..#########.....# #.....#
#######


You could see 2 orcs.

Vanquished Creatures
  An orc priest (D:3)
  2 orc wizards
  3 adders
  A worm (D:3)
  3 dart slugs
  3 orcs
  6 bats
  8 endoplasms
  2 giant cockroaches
  8 goblins
  8 hobgoblins
  4 jackals (D:1)
  A quokka (D:2)
  9 ball pythons
  2 frilled lizards
  4 kobolds
  4 rats
69 creatures vanquished.

Notes
Turn   | Place    | Note
-------+----------+-------------------------------------------
     0 | D:1      | 7w4c the Demonspawn Berserker began the quest for the Orb.
     0 | D:1      | Reached XP level 1. HP: 18/18 MP: 1/1
   102 | D:1      | Gained mutation: You regenerate a little health from kills.
                  | [demonic ancestry]
   102 | D:1      | Reached XP level 2. HP: 10/24 MP: 2/2
   496 | D:1      | Reached ** piety under Trog
   538 | D:1      | Reached XP level 3. HP: 29/29 MP: 3/3
  2286 | D:3      | Gained mutation: You are partially covered in razor-sharp
                  | scales. (AC +1, Slay +1) [demonic ancestry]
  2286 | D:3      | Reached XP level 4. HP: 33/37 MP: 4/4
  2507 | D:3      | Reached XP level 5. HP: 42/42 MP: 5/5
  3197 | D:4      | HP: 1/42 [orc/+2 trident of venom (5)]
  3197 | D:4      | Slain by an orc

Illustrated notes

Levels and vault maps discovered:
D:1:      ncdulo_halloftheorcs, layout_loops_ring, serial_forest,
          infiniplex_forest_clump_tiny, infiniplex_forest_clump_curved,
          infiniplex_forest_clump_small, infiniplex_forest_end_2,
          infiniplex_forest_clump_double, infiniplex_forest_end_2,
          infiniplex_forest_lined_room_2, infiniplex_forest_straight_2,
          infiniplex_forest_end_2
D:2:      layout_loops_ring
D:3:      minmay_angry_zag, layout_basic, nicolae_overflow_crystal_walls,
          amethyst_killhole, serial_park_tiny_2, moated_statue
D:4:      layout_rooms

Skill      XL: |  1  2  3  4  5 |
---------------+----------------+-----
Axes           | 3 4 |  4.2
Dodging        | 2 |  2.4
Armour         | 2 |  2.4
Fighting       | 4 |  4.0
Stealth        | |  0.6

Action                     |  1- 3 |  4- 6 || total
---------------------------+-------+-------++-------
  Melee: Hand axe          |   305 |    76 ||   381
         Punch             |     6 |     1 ||     7
 Invoke: Trog's Hand       |     1 |       ||     1
         Berserk           |       |     1 ||     1
    Use: Scroll            |     1 |     1 ||     2
   Stab: Sleeping          |     1 |       ||     1
 Armour: Animal skin       |    10 |       ||    10
         Leather armour    |    25 |     2 ||    27
         Scale mail        |       |    27 ||    27
  Dodge: Dodged            |   129 |    42 ||   171

Table legend: (Time is in decaauts)
 A = Elapsed time spent in this place.
 B = Non-inter-level travel time spent in this place.
 C = Inter-level travel time spent in this place.
 D = Time resting spent in this place.
 E = Time spent auto-exploring this place.
 F = Levels seen in this place.
 G = Mean time per level.
                   A        B        C        D        E       F      G
               +--------+--------+--------+--------+--------+-----+--------+
         Total |   3259 |   3132 |    127 |      0 |   1962 |   4 |  814.8 |
       Dungeon |   3259 |   3132 |    127 |      0 |   1962 |   4 |  814.8 |
               +--------+--------+--------+--------+--------+-----+--------+

Top non-repeatable levels by time:
     D:1: 1343 daAuts
     D:3: 925 daAuts
     D:2: 872 daAuts
     D:4: 118 daAuts
